Map: Void Training Stage 3

Players

Player 2

  • Race: Zerg Zerg
  • Spawn Location: 12:00

grillbottom - Winner!

  • Race: Terran Terran
  • Spawn Location: 6:00

VOD

Have the link to the VOD?

Description

Time

  • Played on: Dec. 12, 2020, 2:49 a.m.
  • Length: 19:09
Show
View Real Time Build Order
Export as new Build Order

Player 2 Zerg 

Build Orders: 1 Base Baneling Bust, Pool First 

Get SALT Encoding   

  12  0:00  Drone  
  13  0:13  Overlord  
  13  0:18  Drone  
  14  0:31  Drone  
  14  0:34  Drone  
  16  0:42  Spawning Pool  
  16  0:45  Drone  
  16  0:50  Drone  
  16  0:52  Extractor  
  16  0:56  Drone  
  17  1:06  Overlord  
  17  1:29  Queen  
  17  1:31  Zergling x2  
  20  1:37  Zergling x2  
  20  1:39  Drone  
  22  1:40  Roach Warren  
  22  1:42  Extractor  
  20  1:50  Drone  
  21  1:57  Baneling Nest  
  21  2:00  Drone  
  21  2:11  Drone  
  22  2:21  Zergling x2  
  23  2:32  Zergling x2  
  23  2:35  Overlord  
  24  2:38  Zergling x2  
  24  2:44  Zergling x2  
  26  2:50  Zergling x2  
  27  2:55  Zergling x2  
  28  3:01  Baneling x2  
  28  3:02  Baneling  
  28  3:05  Zergling x2  
  28  3:11  Zergling x2  
  30  3:17  Zergling x2  
  31  3:21  Overlord  
  31  3:23  Zergling x2  
  32  3:28  Baneling  
  32  3:29  Baneling x2  
  32  3:32  Zergling x2  
  33  3:36  Evolution Chamber  
  33  3:39  Drone  
  33  3:42  Drone  
  33  3:46  Drone  
  35  3:50  Drone  
  35  3:55  Drone  
  37  4:05  Drone  
  38  4:11  Drone  
  39  4:30  Zergling x2  
  39  6:30  Overlord, Roach, Lair  
  39  6:32  Spore Crawler, Drone  
  41  6:33  Spore Crawler  
  41  6:35  Drone  
  41  6:36  Evolution Chamber  
  41  6:38  Drone  
  41  6:39  Hatchery  
  40  6:40  Drone  
  40  6:42  Roach  
  43  6:48  Overlord, Drone  
  44  6:54  Roach  
  44  6:57  Spine Crawler  
  45  7:01  Spine Crawler  
  45  7:07  Roach  
  33  7:19  Roach  
  35  7:27  Queen, Overseer  
  35  7:28  Overseer  
  37  7:30  Hydralisk Den  
  37  7:31  Roach  
  37  7:33  Infestation Pit  
  37  7:35  Spire  
  37  7:36  Drone  
  37  7:43  Zergling x2  
  38  7:51  Queen  
  38  7:52  Drone  
  38  7:54  Spore Crawler x2  
  38  7:55  Drone  
  38  7:56  Spore Crawler  
  38  7:57  Drone  
  40  7:58  Hydralisk  
  40  8:00  Drone  
  40  8:03  Drone  
  44  8:06  Drone  
  44  8:11  Hydralisk, Drone  
  48  8:14  Drone  
  48  8:17  Drone  
  48  8:19  Drone  
  51  8:22  Drone  
  51  8:25  Drone  
  53  8:28  Drone  
  53  8:31  Drone  
  53  8:34  Drone  
  56  8:37  Drone  
  56  8:39  Drone  
  58  8:42  Drone  
  58  8:46  Drone  
  60  8:50  Drone  
  60  8:53  Hydralisk  
  60  8:54  Overlord, Drone  
  64  8:57  Drone  
  64  9:00  Drone  
  66  9:03  Drone  
  67  9:10  Hydralisk, Spine Crawler  
  67  9:12  Drone  
  67  9:13  Overlord  
  69  9:19  Spine Crawler, Drone  
  69  10:18  Extractor  
  69  10:19  Drone  
  69  10:23  Extractor  
  68  10:46  Drone  
  68  10:49  Drone  
  70  11:01  Infestor  
  70  11:02  Overseer, Pneumatized Carapace  
  70  11:03  Zerg Melee Weapons Level 1, Zerg Ground Armor Level 1  
  70  11:04  Burrow  
  72  11:08  Infestor  
  74  11:39  Hatchery  
  73  11:45  Hydralisk  
  73  11:46  Hive  
  72  11:52  Zergling x2  
  63  11:57  Hydralisk  
  63  11:58  Overseer, Overlord  
  63  12:00  Overseer  
  57  12:04  Hydralisk  
  59  12:10  Hydralisk  
  61  12:17  Overlord  
  61  12:18  Roach  
  63  12:24  Roach  
  65  12:31  Roach  
  67  12:37  Roach  
  67  12:43  Roach  
  71  12:50  Roach  
  73  12:52  Queen, Drone  
  73  12:55  Drone  
  73  12:56  Overseer, Overlord  
  73  12:57  Zerg Missile Weapons Level 1  
  73  12:58  Drone  
  78  13:01  Extractor, Drone  
  78  13:04  Spore Crawler, Drone  
  78  13:06  Drone  
  78  13:07  Spore Crawler  
  78  13:09  Extractor  
  78  13:10  Ultralisk Cavern, Greater Spire, Drone  
  78  13:12  Drone  
  78  13:15  Drone  
  78  13:17  Overlord  
  78  13:18  Drone  
  80  13:21  Drone  
  80  13:24  Drone  
  82  13:27  Drone  
  82  13:30  Drone  
  82  13:31  Spine Crawler  
  82  13:33  Spine Crawler, Drone  
  83  13:36  Drone  
  83  13:39  Drone  
  85  13:42  Drone  
  85  13:44  Overseer, Overlord  
  85  13:45  Drone  
  87  13:58  Hydralisk  
  82  14:03  Overlord  
  82  14:05  Hydralisk  
  80  14:12  Zergling x2  
  80  14:16  Queen  
  75  14:18  Hydralisk  
  75  14:24  Hydralisk, Spire, Drone  
  70  14:30  Overlord  
  72  14:34  Roach  
  72  14:43  Infestor  
  70  14:48  Drone x2  
  70  14:50  Overlord  
  70  14:51  Queen  
  70  14:52  Infestor  
  58  15:01  Overseer  
  58  15:02  Roach  
  58  15:06  Drone x2  
  55  15:08  Overlord  
  55  15:12  Roach  
  57  15:21  Roach  
  57  15:27  Overlord  
  51  15:28  Overseer  
  51  15:30  Roach  
  51  15:39  Ultralisk  
  55  15:45  Overlord  
  55  15:47  Roach  
  55  15:53  Mutalisk  
  56  15:59  Hatchery  
  56  16:01  Roach  
  56  16:04  Overlord  
  52  16:07  Drone  
  52  16:08  Mutalisk  
  52  16:10  Drone  
  52  16:13  Drone  
  52  16:15  Zergling x2  
  54  16:22  Drone  
  54  16:23  Roach, Extractor, Lair  
  53  16:26  Drone  
  53  16:29  Mutalisk  
  56  16:33  Evolution Chamber  
  56  16:36  Drone  
  56  16:37  Roach  
  56  16:38  Spawning Pool  
  57  16:44  Mutalisk  
  53  16:54  Ultralisk  
  59  17:00  Mutalisk  
  61  17:07  Mutalisk, Drone  
  58  17:09  Evolution Chamber  
  58  17:10  Drone  
  58  17:13  Drone  
  58  17:14  Mutalisk  
  61  17:16  Drone  
  61  17:19  Drone  
  61  17:22  Drone  
  47  17:25  Queen  
  47  17:26  Zergling x2, Infestation Pit  
  47  17:27  Drone  
  47  17:28  Roach Warren  
  48  17:32  Hydralisk Den, Drone  
  48  17:33  Zergling x2  
  46  17:39  Drone  
  46  17:41  Zergling x2  
  46  17:42  Drone  
  30  17:45  Drone  
  30  17:48  Drone  
  30  17:50  Zergling x2  
  30  17:53  Drone  
  28  18:00  Drone  
  28  18:02  Hydralisk  
  28  18:04  Drone  
  27  18:14  Drone  
  24  18:22  Drone  
  24  18:23  Spawning Pool  
  17  18:49  Drone  
  17  18:50  Drone x2  
  17  18:51  Hatchery  
Show
View Real Time Build Order
Export as new Build Order

grillbottom Terran - Winner!

Build Orders:  

Get SALT Encoding   

  12  0:02  SCV  
  13  0:14  SCV  
  14  0:23  Supply Depot  
  14  0:27  SCV  
  15  0:34  Refinery  
  15  0:44  SCV  
  16  0:52  Barracks  
  16  0:56  SCV  
  17  0:59  Refinery  
  17  1:08  SCV  
  18  1:20  SCV  
  19  1:43  Orbital Command  
  19  1:46  Reaper  
  20  2:06  Factory  
  20  2:23  Supply Depot  
  20  2:31  SCV  
  21  2:38  Reaper  
  21  2:43  SCV  
  23  2:54  Hellion  
  25  3:18  Reaper  
  25  3:19  Starport  
  26  3:27  Supply Depot  
  26  3:29  Hellion  
  28  3:36  Command Center  
  28  3:57  Barracks Reactor  
  28  4:00  Refinery  
  28  4:11  Fusion Core  
  28  4:15  Factory Tech Lab  
  28  4:26  Starport Tech Lab  
  28  4:42  Cyclone  
  31  4:55  Orbital Command  
  31  5:12  Marine  
  31  5:13  Marine  
  33  5:33  Supply Depot, Cyclone  
  36  5:43  Marine  
  37  5:50  Marine  
  37  5:52  Supply Depot  
  38  6:31  Marine  
  39  7:01  Command Center  
  27  7:13  SCV  
  25  7:23  SCV  
  25  7:25  SCV  
  25  7:26  Marine x2  
  29  7:35  SCV  
  30  7:37  SCV  
  30  7:43  Marine  
  30  7:44  Marine  
  33  7:47  Hellion, SCV  
  33  7:49  SCV  
  37  8:01  Marine x2, SCV  
  40  8:08  Hellion  
  42  8:13  SCV  
  42  8:14  SCV  
  42  8:19  Marine x2  
  46  8:26  SCV  
  47  8:30  Hellion  
  49  8:39  SCV  
  50  8:51  Hellion, SCV  
  53  9:03  SCV  
  54  9:12  Hellion  
  54  9:15  SCV  
  57  9:27  SCV  
  57  9:31  Battlecruiser  
  64  9:34  Hellion  
  66  9:39  SCV  
  66  9:41  Weapon Refit  
  67  10:10  Supply Depot  
  67  10:25  Hellion  
  69  10:33  Supply Depot  
  69  10:35  Battlecruiser  
  75  10:46  Hellion  
  77  10:57  Supply Depot  
  77  11:08  Hellion  
  79  11:14  Starport  
  79  11:39  Battlecruiser  
  69  12:06  Hellion  
  71  12:11  Starport Tech Lab  
  71  12:27  Hellion  
  73  12:33  Battlecruiser  
  79  12:43  Battlecruiser  
  87  13:10  Hellion  
  87  13:31  Hellion  
  89  13:38  Battlecruiser  
  89  13:48  Battlecruiser  
  95  13:53  Hellion  
  84  14:14  Hellion  
  86  14:35  Hellion  
  86  14:46  Battlecruiser  
  86  14:52  Battlecruiser  
  94  15:51  Battlecruiser  
  98  16:17  Battlecruiser  
  98  16:55  Battlecruiser  
  104  17:22  Battlecruiser  
  110  18:00  Marine  
  110  18:01  Marine  
  110  18:04  Hellion  
  114  18:18  Marine x2  
  116  18:25  Hellion  
  118  18:36  Marine x2  
  120  18:47  Hellion  
Tags
 
Add a new tag
Caveats
  • Supply blocks, unpowered buildings, or Contaminate may cause inaccurate times.
  • Supply counts are checked every 10 seconds.